AoeStats
← Lewdhog

Arabian Desert

509112532Analyzed
1v1 RM · 8d ago on Sep 25, 2026· 52m 39s· 2 players
Game mode
Random Map
Map size
Tiny (2 player)
Population
200
Speed
Normal
Resources
Standard
Victory
Conquest
Starting age
Dark Age
Ending age
Imperial Age
RankedLock teamsTeams togetherTeam positionsShared explorationLock speedFull tech treeHidden civsTurbo modeCheats
Victory
Defeat
🇩🇪 Franks · Germany
708
+15
🇦🇺 Armenians · Australia
682
-15
Lewdhog
10:44 Loom
13:04 Feudal Age
18:43 Castle Age
17:03 Double-Bit Axe
18:15 Pikeman
19:54 Forging
22:13 Gambesons
23:50 Scale Mail Armor
31:36 Imperial Age
29:55 Squires
31:02 Fletching
33:08 Padded Archer Armor
33:44 Halberdier
34:59 Man-at-Arms
37:11 Bodkin Arrow
36:41 Long Swordsman
39:14 Two-Handed Swordsman
42:16 Champion
45:50 Iron Casting
45:37 Chain Mail Armor
47:28 Conscription
48:21 Plate Mail Armor
48:28 Bloodlines
51:35 Blast Furnace
Reliquiensammler_Amboss
2:55 Loom
11:09 Feudal Age
19:37 Castle Age
21:28 Scale Barding Armor
24:06 Husbandry
31:01 Imperial Age
29:09 Wheelbarrow
28:26 Fletching
28:37 Padded Archer Armor
29:02 Elite Skirmisher
30:06 Ballistics
29:57 Fortified Wall
29:38 Town Watch
33:29 Hand Cart
33:15 Town Patrol
36:42 Cavalier
36:50 Elite Throwing Axeman
37:59 Gold Mining
38:00 Stone Mining
38:11 Bodkin Arrow
38:27 Forging
38:18 Scale Mail Armor
39:43 Hoardings
40:23 Chemistry
40:12 Conscription
44:20 Gold Shaft Mining
44:23 Iron Casting
44:20 Chain Barding Armor
44:35 Chain Mail Armor
44:36 Leather Archer Armor
44:54 Double-Bit Axe
46:11 Chivalry
49:40 Blast Furnace
52:27 Paladin
Connection lost

Rejoining the realm…

Still unreachable

The connection could not be restored.

Session expired

The server has moved on; the page needs a fresh start.